 Dungeon Crawl Stone Soup version 0.31-a0-940-gdaa99269f9 (webtiles) character file.

Game seed: 929313874413440966

127680 gruber the Thaumaturge (level 17, -6/131 HPs)
             Began as a Gnoll Ice Elementalist on Oct 17, 2023.
             Was a High Priest of Vehumet.
             Mangled by Arachne
             ... wielding a staff of poison
              (12 damage)
             ... on level 3 of the Spider Nest on Oct 20, 2023.
             The game lasted 00:58:08 (32134 turns).

gruber the Thaumaturge (Gnoll Ice Elementalist)    Turns: 32134, Time: 00:58:09

Health: -6/131     AC: 34    Str:  4 (8)  XL:     17   Next: 1%
Magic:  13/33      EV:  6    Int: 24 (25) God:    Vehumet [*****.]
Gold:   2846       SH:  0    Dex:  8 (10) Spells: 8/41 levels left

rFire   . . .        S - +3 falchion of Wu Jian's Envy {heavy, rElec rN+ Int+3 Dex-3}
rCold   . . .        (no shield)
rNeg    + . .        l - +7 ring mail of the Shore {rPois}
rPois   +            H - +1 hat {Stlth+}
rElec   +            G - +2 cloak
rCorr   .            p - +0 pair of gloves
SInv    .            g - +2 pair of boots
Will    ++...        D - amulet of magic regeneration
Stlth   +++++        y - +4 ring of protection
HPRegen 0.41/turn    A - ring of willpower
MPRegen 0.63/turn

%: no passive effects
@: lethally poisoned (-6 -> -30), ice-armoured, about to teleport, held
A: fangs 1, strong nose, distributed training
a: Renounce Religion


You were on level 3 of the Spider Nest.
You worshipped Vehumet.
Vehumet was extremely pleased with you.
You visited 4 branches of the dungeon, and saw 25 of its levels.

You collected 2846 gold pieces.

Inventory:

Hand Weapons
 w - the +5 battleaxe "Fifekuil" {spect, rF- rC+ rN+ Int+6}
   (You found it on level 4 of the Dungeon)

   Int+6:     It affects your intelligence (+6).
   rF-:       It makes you vulnerable to fire.
   rC+:       It protects you from cold.
   rN+:       It protects you from negative energy.
 S - the +3 falchion of Wu Jian's Envy (weapon) {heavy, rElec rN+ Int+3 Dex-3}
   (You found it on level 12 of the Dungeon)

   Int+3:     It affects your intelligence (+3).
   Dex-3:     It affects your dexterity (-3).
   rElec:     It insulates you from electricity.
   rN+:       It protects you from negative energy.
Missiles
 V - 5 curare-tipped darts
 W - a throwing net
Armour
 g - a +2 pair of boots (worn)
 l - the +7 ring mail of the Shore (worn) {rPois}
   (You found it on level 1 of the Spider Nest)

   rPois:     It protects you from poison
 p - a +0 pair of gloves (worn)
 G - a +2 cloak (worn)
 H - a +1 hat of stealth (worn)
 I - a +2 robe of fire resistance
Jewellery
 v - a ring of poison resistance
 y - a +4 ring of protection (left hand)
 A - a ring of willpower (right hand)
 D - an amulet of magic regeneration (around neck)
 T - a ring of flight
Wands
 C - a wand of iceblast (13)
 J - a wand of polymorph (7)
 O - a wand of flame (14)
 P - a wand of mindburst (33)
 Y - a wand of digging (14)
Scrolls
 a - 4 scrolls of immolation {unknown}
 e - 5 scrolls of summoning {unknown}
 i - 3 scrolls of fog {unknown}
 k - 7 scrolls of blinking {unknown}
 o - 2 scrolls of poison
 r - 3 scrolls of noise
 s - 3 scrolls of amnesia {unknown}
 t - 3 scrolls of enchant weapon {unknown}
 u - 6 scrolls of teleportation
 B - a scroll of acquirement {unknown}
 F - 4 scrolls of fear {unknown}
 M - a scroll of revelation
 N - a scroll of silence
 U - a scroll of vulnerability
Potions
 b - 2 potions of magic
 c - a potion of cancellation
 d - 2 potions of heal wounds
 f - 8 potions of curing
 h - 3 potions of enlightenment
 j - 4 potions of lignification
 m - 4 potions of might
 n - 5 potions of haste
 q - 3 potions of invisibility
 x - a potion of brilliance {unknown}
 z - 2 potions of berserk rage
 K - 3 potions of attraction
 R - a potion of resistance
 Z - a potion of ambrosia


   Skills:
 + Level 11.5 Fighting
 + Level 11.5 Short Blades
 + Level 11.5 Long Blades
 + Level 11.5 Axes
 + Level 11.5 Maces & Flails
 + Level 11.5 Polearms
 + Level 11.5 Staves
 + Level 11.5 Ranged Weapons
 + Level 11.5 Throwing
 + Level 11.5 Armour
 + Level 12.3 Dodging
 + Level 12.2 Stealth
 + Level 11.5 Shields
 + Level 11.5 Unarmed Combat
 + Level 12.5 Spellcasting
 + Level 9.7 Conjurations
 + Level 9.7 Hexes
 + Level 9.7 Summonings
 + Level 9.7 Necromancy
 + Level 9.7 Translocations
 + Level 9.7 Transmutations
 + Level 9.7 Fire Magic
 + Level 12.0 Ice Magic
 + Level 9.7 Air Magic
 + Level 9.7 Earth Magic
 + Level 9.7 Poison Magic
 + Level 12.5 Invocations
 + Level 11.5 Evocations
 + Level 10.6 Shapeshifting


You had 8 spell levels left.
You knew the following spells:

 Your Spells              Type           Power      Damage    Failure   Level
a - Freeze                Ice            100%       1d10      1%          1
b - Frozen Ramparts       Ice            100%       1d16      1%          3
c - Ozocubu's Armour      Ice            64%        N/A       1%          3
d - Summon Ice Beast      Ice/Summ       61%        N/A       1%          4
e - Stone Arrow           Conj/Erth      100%       3d13      1%          3
f - Hailstorm             Conj/Ice       61%        3d13      1%          3
g - Freezing Cloud        Conj/Ice/Air   30%        6-21      1%          5
h - Iskenderun's Battles  Conj           58%        2d11      2%          5
i - Plasma Beam           Fire/Air       29%        2x1d41    12%         6

Your spell library contained the following spells:

 Spells                   Type           Power      Damage    Failure   Level
 Apportation              Tloc           100%       N/A       1%          1
 Magic Dart               Conj           100%       1d8       1%          1
 Necrotise                Necr           100%       1d9       1%          1
 Sandblast                Erth           100%       2d20      1%          1
 Sting                    Tmut/Pois      100%       1d8       1%          1
 Summon Small Mammal      Summ           100%       N/A       1%          1
 Call Imp                 Summ           100%       N/A       1%          2
 Ensorcelled Hibernation  Hex/Ice        100%       N/A       1%          2
 Jinxbite                 Hex            100%       N/A       1%          2
 Passwall                 Tmut/Erth      48%        N/A       1%          2
 Static Discharge         Conj/Air       100%       3-8/arc   1%          2
 Sublimation of Blood     Necr           58%        N/A       1%          2
 Wereblood                Tmut           58%        N/A       1%          2
 Inner Flame              Hex/Fire       58%        N/A       1%          3
 Mephitic Cloud           Conj/Pois/Air  58%        N/A       1%          3
 Summon Guardian Golem    Hex/Summ       58%        N/A       1%          3
 Airstrike                Air            29%        2d(5-21)  1%          4
 Brom's Barrelling Bould  Conj/Erth      58%        2d7       1%          4
 Flame Wave               Conj/Fire      58%        2d14      1%          4
 Sticky Flame             Conj/Fire      58%        2d7       1%          4
 Anguish                  Hex/Necr       29%        N/A       2%          4
 Animate Armour           Summ/Erth      100%       N/A       2%          4
 Animate Dead             Necr           58%        N/A       2%          4
 Cause Fear               Hex            29%        N/A       2%          4
 Petrify                  Tmut/Erth      58%        N/A       2%          4
 Summon Lightning Spire   Summ/Air       58%        N/A       2%          4
 Fireball                 Conj/Fire      29%        3d13      2%          5
 Irradiate                Conj/Tmut      29%        3d21      2%          5
 Lee's Rapid Deconstruct  Erth           29%        3d15*     2%          5
 Summon Forest            Summ/Tloc      29%        N/A       8%          5
 Summon Mana Viper        Hex/Summ       58%        N/A       8%          5
 Summon Cactus Giant      Summ           29%        N/A       41%         6
 Orb of Destruction       Conj           29%        9d9       50%         7
 Spellforged Servitor     Conj/Summ      29%        N/A       50%         7
 Enfeeble                 Hex            29%        N/A       94%         7
 Haunt                    Necr/Summ      29%        N/A       94%         7
 Lehudib's Crystal Spear  Conj/Erth      29%        10d8      98%         8
 Infestation              Necr           29%        N/A       100%        8
 Dragon's Call            Summ           29%        N/A       100%        9


Dungeon Overview and Level Annotations

Branches:
Dungeon (15/15)            Temple (0/1) D:7            Lair (5/5) D:11
 Shoals (0/4) Lair:3       Spider (3/4) Lair:3        Slime (0/5) Lair:5
    Orc (2/2) D:12            Elf (0/3) Orc:2        Vaults (0/5) D:13
 Depths (0/4) D:15

Altars:
Ashenzari
Cheibriados
Dithmenos
Elyvilon
Fedhas
Kikubaaqudgha
Makhleb
Okawaru
Qazlal
Ru
Sif Muna
Uskayaw
Vehumet
Wu Jian
Xom
Zin
Jiyva

Shops:
D:12 ([   Orc:1 *   Orc:2 [*=(

Portals:
Abyss: D:8

Annotations:
D:8 2 transporters, Sphara's ghost, novice DrWn
D:14 1 runed translucent door, Anay's ghost, journeyman FoFi
Lair:4 exclusion: 4 oklob plants
Spider:3 Arachne


Innate Abilities, Weirdness & Mutations

You have very sharp teeth.
Your uncanny sense of smell can sniff out nearby items.
Your experience applies equally to all skills.


Message History

You are poisoned.
You resist.
* * * LOW HITPOINT WARNING * * *
The bolt of poison hits your battlesphere.
Your battlesphere completely resists.
Unknown command.
Unknown command.
Unknown command.
Casting: Stone Arrow (safe; 1% risk of failure)
Confirm with . or Enter, or press ? or * to list all spells.
Aiming: Stone Arrow (safe; 1% risk of failure)
Press: ? - help, Shift-Dir - straight line, f/p - Arachne
Aim: Arachne, wielding a staff of poison (severely wounded, soul bound, ally target, 78% to hit)
The stone arrow hits Arachne!
Arachne is severely wounded.
The frozen ramparts melt away.
You feel very sick.
Arachne stares at you and mumbles some strange words.
The bolt of poison hits you!
You are lethally poisoned!
You resist.
* * * LOW HITPOINT WARNING * * *
The bolt of poison hits your battlesphere.
Your battlesphere completely resists.
The emperor scorpion stings you but does no damage.
The emperor scorpion barely misses you.
The emperor scorpion claws you but does no damage.
Unknown command.
Casting: Stone Arrow (safe; 1% risk of failure)
Confirm with . or Enter, or press ? or * to list all spells.
Aiming: Stone Arrow (safe; 1% risk of failure)
Press: ? - help, Shift-Dir - straight line, f/p - Arachne
Aim: Arachne, wielding a staff of poison (severely wounded, soul bound, ally target, 78% to hit)
The stone arrow hits Arachne!
Arachne is severely wounded.
* * * LOW HITPOINT WARNING * * *
You feel extremely sick.
Arachne hits you with a staff of poison!
You die...
Arachne says, "All wrapped up."

##..#...#...#
##..$.#.....
##.........
##.#......
#.^.#....
∆#.#...#^.
∆#.##s....
#*# .....
∆#@# ....
∆#Hss.....
∆#.#..:.(.
......... .#.
....# ..
....^.. .. .^
#... ... .##
###


You could see Arachne (soul bound, ally target), an emperor scorpion (soul
bound), a redback (soul bound) and a friendly battlesphere.

Vanquished Creatures
  Frances (Spider:2)
  Gastronok (D:8)
  A fire giant (D:15)
  3 emperor scorpions (Spider:1)
  A ghost moth (Spider:2)
  A broodmother (Spider:2)
  Azrael (Spider:1)
  Snorg (D:13)
  Josephine (D:10)
  2 fire dragons
  Fannar (D:10)
  2 radroaches (Spider:2)
  4 hydras
  An ogre mage (D:13)
  Erica (D:8)
  6 two-headed ogres
  2 centaur warriors
  3 boulder beetles
  5 death yaks (Lair:3)
  5 orc high priests
  A demonic crawler (Spider:1)
  2 skysharks
  Sonja (Lair:1)
  A sun moth (Spider:2)
  An arcanist (D:14)
  4 pharaoh ants
  Lodul (D:10)
  A swamp dragon (Lair:5)
  2 orb spiders (Spider:1)
  Pikel (D:7)
  A lindwurm (Lair:4)
  2 steelbarb worms
  8 deep elf pyromancers
  6 orc knights
  8 orc sorcerers
  3 moths of wrath
  16 wolf spiders
  3 manticores
  8 elephants
  12 ugly things
  4 cyclopes
  Joseph (D:8)
  3 black mambas
  2 torpor snails (Spider:1)
  Maggie (D:10)
  Psyche (D:8)
  7 cane toads
  8 komodo dragons
  An unseen horror (D:13)
  8 yaktaurs
  An efreet (D:14)
  4 rime drakes
  4 red devils (D:15)
  3 meliai (D:14)
  5 polar bears
  10 trolls
  A meliai (shapeshifter) (D:13)
  23 tarantellas
  12 blink frogs
  A raiju (shapeshifter) (D:15)
  2 shadows
  2 slime creatures (Lair:5)
  4 wyverns
  14 jumping spiders
  A vampire (D:13)
  9 culicivoras
  5 basilisks
  3 fire elementals (Spider:1)
  3 hogs (Lair:3)
  9 wraiths
  58 yaks
  A hog (shapeshifter) (D:14)
  23 redbacks
  13 vampire mosquitoes
  3 steam dragons
  Edmund (D:6)
  Grum (D:8)
  6 wargs
  4 acid dragons
  A hell hound (Spider:1)
  15 water moccasins
  36 orc warriors
  A sky beast (D:4)
  7 black bears
  22 ogres
  11 wolves
  4 centaurs
  10 bullfrogs
  37 scorpions
  2 gnoll sergeants
  4 jellies
  5 killer bees (D:8)
  An electric eel (D:9)
  A howler monkey (D:10)
  3 hounds
  16 orc priests
  7 iguanas
  Terence (D:2)
  Natasha (thrice) (D:3)
  22 orc wizards
  13 adders
  10 gnolls
  A shadow imp (D:7)
  A white imp (D:5)
  A worm (D:3)
  12 dart slugs
  86 orcs
  9 ball pythons
  7 bats
  13 endoplasms
  5 giant cockroaches
  13 goblins
  10 hobgoblins
  5 quokkas
  3 frilled lizards
  3 kobolds
  5 rats
793 creatures vanquished.

Vanquished Creatures (collateral kills)
  An orc warlord (Orc:2)
  A two-headed ogre (D:13)
  A death yak (Lair:3)
  An ugly thing (D:12)
  2 wolf spiders (Spider:1)
  A cyclops (D:11)
  A komodo dragon (D:11)
  2 hogs (Lair:3)
  A fire elemental (Spider:1)
  3 yaks
  3 redbacks (Spider:2)
  A hell hound (Spider:1)
  An orc warrior (D:15)
  A scorpion (Spider:1)
  An orc priest (D:8)
  An orc wizard (Orc:2)
  An orc (Orc:2)
23 creatures vanquished.

Vanquished Creatures (others)
  Kirke (Lair:3)
  A moth of wrath (Spider:1)
  A tarantella (Spider:1)
  A troll (D:12)
  A hell hound (Spider:1)
  3 spectral weapons
8 creatures vanquished.

Grand Total: 824 creatures vanquished

Notes
Turn   | Place    | Note
-------+----------+-------------------------------------------
     0 | D:1      | gruber the Gnoll Ice Elementalist began the quest for the
                  | Orb.
     0 | D:1      | Reached XP level 1. HP: 13/13 MP: 6/6
   152 | D:1      | Reached XP level 2. HP: 19/19 MP: 5/7
   397 | D:1      | Found a faded altar of an unknown god.
   420 | D:1      | Got Plato's Encyclopedia of the Shapeshifter
   484 | D:1      | Reached XP level 3. HP: 25/25 MP: 7/9
   488 | D:1      | Learned a level 3 spell: Frozen Ramparts
   492 | D:1      | Learned a level 3 spell: Ozocubu's Armour
   542 | D:1      | Reached skill level 5 in Spellcasting
  1099 | D:2      | Reached skill level 1 in Invocations
  1234 | D:2      | Reached skill level 1 in Fighting
  1234 | D:2      | Reached skill level 1 in Short Blades
  1234 | D:2      | Reached skill level 1 in Long Blades
  1234 | D:2      | Reached skill level 1 in Axes
  1234 | D:2      | Reached skill level 1 in Maces & Flails
  1234 | D:2      | Reached skill level 1 in Polearms
  1234 | D:2      | Reached skill level 1 in Staves
  1234 | D:2      | Reached skill level 1 in Ranged Weapons
  1234 | D:2      | Reached skill level 1 in Throwing
  1234 | D:2      | Reached skill level 1 in Armour
  1234 | D:2      | Reached skill level 1 in Shields
  1234 | D:2      | Reached skill level 1 in Unarmed Combat
  1234 | D:2      | Reached skill level 1 in Evocations
  1234 | D:2      | Reached skill level 1 in Shapeshifting
  1234 | D:2      | Reached XP level 4. HP: 22/32 MP: 6/11
  1416 | D:2      | Noticed Terence
  1421 | D:2      | Reached skill level 1 in Conjurations
  1421 | D:2      | Reached skill level 1 in Hexes
  1421 | D:2      | Reached skill level 1 in Summonings
  1421 | D:2      | Reached skill level 1 in Necromancy
  1421 | D:2      | Reached skill level 1 in Translocations
  1421 | D:2      | Reached skill level 1 in Transmutations
  1421 | D:2      | Reached skill level 1 in Fire Magic
  1421 | D:2      | Reached skill level 1 in Air Magic
  1421 | D:2      | Reached skill level 1 in Earth Magic
  1421 | D:2      | Reached skill level 1 in Poison Magic
  1422 | D:2      | Killed Terence
  1855 | D:3      | Reached XP level 5. HP: 37/37 MP: 10/12
  1943 | D:3      | Noticed Natasha
  1954 | D:3      | Killed Natasha
  2091 | D:3      | Found an ancient bone altar of Kikubaaqudgha.
  2211 | D:3      | Noticed Natasha
  2217 | D:3      | Killed Natasha
  2218 | D:3      | Reached XP level 6. HP: 44/44 MP: 4/13
  2381 | D:3      | Found a white marble altar of Elyvilon.
  2413 | D:3      | Noticed Natasha
  2418 | D:3      | Killed Natasha
  2811 | D:3      | Reached skill level 5 in Dodging
  3190 | D:4      | Found a broken altar of Ashenzari.
  3291 | D:4      | Noticed a sky beast
  3308 | D:4      | Killed a sky beast
  3422 | D:4      | Reached XP level 7. HP: 50/50 MP: 5/15
  3864 | D:4      | Found a blossoming altar of Fedhas.
  4029 | D:4      | Reached skill level 5 in Stealth
  4283 | D:4      | Reached XP level 8. HP: 58/58 MP: 8/16
  4348 | D:4      | Identified the +5 battleaxe "Fifekuil" {spect, rF- rC+ rN+
                  | Int+6}
  4417 | D:4      | Found a radiant altar of Vehumet.
  4432 | D:4      | Found a shimmering altar of Xom.
  4606 | D:4      | Became a worshipper of Vehumet
  4915 | D:5      | Entered Level 5 of the Dungeon
  5573 | D:5      | Learned a level 4 spell: Summon Ice Beast
  5918 | D:5      | Found a hide-covered altar of Uskayaw.
  6023 | D:5      | Reached * piety under Vehumet
  6023 | D:5      | Offered knowledge of Sandblast by Vehumet.
  6397 | D:6      | Noticed Edmund
  6419 | D:6      | Killed Edmund
  7124 | D:7      | Reached XP level 9. HP: 65/65 MP: 12/18
  7204 | D:7      | Noticed Pikel
  7214 | D:7      | Killed Pikel
  7246 | D:7      | Found a shadowy altar of Dithmenos.
  7274 | D:7      | Found a staircase to the Ecumenical Temple.
  7629 | D:8      | Found a transporter.
  7707 | D:8      | Noticed Erica
  7710 | D:8      | Reached skill level 5 in Invocations
  7718 | D:8      | Killed Erica
  7719 | D:8      | Reached XP level 10. HP: 55/73 MP: 11/20
  7833 | D:8      | Noticed Grum
  7843 | D:8      | Reached skill level 5 in Fighting
  7843 | D:8      | Reached skill level 5 in Short Blades
  7843 | D:8      | Reached skill level 5 in Long Blades
  7843 | D:8      | Reached skill level 5 in Axes
  7843 | D:8      | Reached skill level 5 in Maces & Flails
  7843 | D:8      | Reached skill level 5 in Polearms
  7843 | D:8      | Reached skill level 5 in Staves
  7843 | D:8      | Reached skill level 5 in Ranged Weapons
  7843 | D:8      | Reached skill level 5 in Throwing
  7843 | D:8      | Reached skill level 5 in Armour
  7843 | D:8      | Reached skill level 5 in Shields
  7843 | D:8      | Reached skill level 5 in Unarmed Combat
  7843 | D:8      | Reached skill level 5 in Evocations
  8014 | D:8      | Offered knowledge of Scorch by Vehumet.
  8016 | D:8      | Reached ** piety under Vehumet
  8085 | D:8      | Killed Grum
  8123 | D:8      | Noticed Psyche
  8133 | D:8      | Killed Psyche
  8296 | D:8      | Noticed Joseph
  8307 | D:8      | Killed Joseph
  8308 | D:8      | Reached skill level 5 in Shapeshifting
  8386 | D:8      | Noticed Gastronok
  8408 | D:8      | Killed Gastronok
  8478 | D:8      | Found an ornate altar of the Wu Jian Council.
  8550 | D:8      | Found a transporter.
  8658 | D:8      | Found a one-way gate to the infinite horrors of the Abyss.
  8658 | D:8      | Noticed Sphara's ghost (novice DrWn)
  8671 | D:8      | Noticed a toenail golem
  8692 | D:8      | Reached XP level 11. HP: 74/81 MP: 22/22
  8693 | D:8      | Reached skill level 5 in Conjurations
  8693 | D:8      | Reached skill level 5 in Hexes
  8693 | D:8      | Reached skill level 5 in Summonings
  8693 | D:8      | Reached skill level 5 in Necromancy
  8693 | D:8      | Reached skill level 5 in Translocations
  8693 | D:8      | Reached skill level 5 in Transmutations
  8693 | D:8      | Reached skill level 5 in Fire Magic
  8693 | D:8      | Reached skill level 5 in Air Magic
  8693 | D:8      | Reached skill level 5 in Earth Magic
  8693 | D:8      | Reached skill level 5 in Poison Magic
  9004 | D:9      | Noticed a two-headed ogre
  9016 | D:9      | Killed a two-headed ogre
  9016 | D:9      | Offered knowledge of Dazzling Flash by Vehumet.
  9117 | D:9      | Found a shimmering blue altar of Sif Muna.
  9447 | D:9      | Found a burning altar of Makhleb.
  9447 | D:9      | Found a glowing silver altar of Zin.
  9448 | D:9      | Noticed an angel
  9448 | D:9      | Noticed a cacodemon
  9542 | D:9      | Found an iron altar of Okawaru.
  9768 | D:9      | Reached *** piety under Vehumet
  9918 | D:9      | Learned a level 3 spell: Stone Arrow
 10341 | Bailey   | Identified the of Sauhir
 10341 | D:10     | Entered Level 10 of the Dungeon
 10348 | D:10     | Found a sacrificial altar of Ru.
 10529 | D:10     | Found a snail-covered altar of Cheibriados.
 10538 | D:10     | Found a stormy altar of Qazlal.
 10606 | D:10     | Noticed Fannar
 10621 | D:10     | Killed Fannar
 10871 | D:10     | Offered knowledge of Hailstorm by Vehumet.
 10878 | D:10     | Learned a level 3 spell: Hailstorm
 10939 | D:10     | Noticed a two-headed ogre
 10946 | D:10     | Killed a two-headed ogre
 11037 | D:10     | Reached XP level 12. HP: 91/91 MP: 24/24
 11167 | D:10     | Noticed Lodul
 11174 | D:10     | Reached **** piety under Vehumet
 11178 | D:10     | Killed Lodul
 11331 | D:10     | Noticed Josephine
 11336 | D:10     | Offered knowledge of Ignite Poison by Vehumet.
 11338 | D:10     | Killed Josephine
 11590 | D:10     | Noticed Maggie
 11601 | D:10     | Killed Maggie
 11729 | D:11     | Found a staircase to the Lair.
 11756 | D:11     | Noticed a boulder beetle
 11917 | D:11     | Killed a boulder beetle
 11955 | D:11     | Noticed a two-headed ogre
 11971 | D:11     | Killed a two-headed ogre
 12029 | D:11     | Noticed a boulder beetle
 12070 | D:11     | Killed a boulder beetle
 12344 | D:12     | Found Cacepug's Weapon Boutique.
 12345 | D:12     | Found a staircase to the Orcish Mines.
 12350 | D:12     | Found Bepoeb's Armour Boutique.
 12376 | D:12     | Identified the +3 falchion of Wu Jian's Envy {heavy, rElec
                  | rN+ Int+3 Dex-3}
 12895 | D:12     | Reached XP level 13. HP: 98/98 MP: 26/26
 13109 | D:12     | Reached ***** piety under Vehumet
 13109 | D:12     | Offered knowledge of Bombard by Vehumet.
 14059 | D:13     | Noticed Snorg
 14067 | D:13     | Killed Snorg
 14068 | D:13     | Reached skill level 10 in Ice Magic
 14585 | D:13     | Found a gate to the Vaults.
 14600 | D:13     | Reached skill level 10 in Spellcasting
 15205 | Lair:1   | Entered Level 1 of the Lair of Beasts
 15572 | Lair:1   | Reached skill level 10 in Dodging
 15820 | Lair:1   | Noticed Sonja
 15828 | Lair:1   | Killed Sonja
 16247 | Lair:2   | Reached XP level 14. HP: 108/108 MP: 20/28
 16305 | Lair:2   | Reached skill level 10 in Stealth
 16730 | Lair:2   | Reached skill level 10 in Invocations
 16939 | Lair:3   | Found a hide-covered altar of Uskayaw.
 16939 | Lair:3   | Found an ornate altar of the Wu Jian Council.
 16977 | Lair:3   | Found a staircase to the Shoals.
 17229 | Lair:3   | Found a hole to the Spider Nest.
 17622 | Lair:3   | Noticed Kirke
 17632 | Lair:3   | Noticed a sphinx
 17637 | Lair:3   | Killed Kirke
 19044 | Lair:4   | Offered knowledge of Arcjolt by Vehumet.
 19887 | Lair:5   | Entered Level 5 of the Lair of Beasts
 20234 | Lair:5   | Found a staircase to the Slime Pits.
 20234 | Lair:5   | Found a viscous altar of Jiyva.
 20443 | Lair:5   | Identified the +0 robe of Neatuas {Int+2 Dex+3}
 20673 | Lair:5   | Reached XP level 15. HP: 115/115 MP: 23/30
 23485 | Lair:5   | Reached skill level 10 in Fighting
 23485 | Lair:5   | Reached skill level 10 in Short Blades
 23485 | Lair:5   | Reached skill level 10 in Long Blades
 23485 | Lair:5   | Reached skill level 10 in Axes
 23485 | Lair:5   | Reached skill level 10 in Maces & Flails
 23485 | Lair:5   | Reached skill level 10 in Polearms
 23485 | Lair:5   | Reached skill level 10 in Staves
 23485 | Lair:5   | Reached skill level 10 in Ranged Weapons
 23485 | Lair:5   | Reached skill level 10 in Throwing
 23485 | Lair:5   | Reached skill level 10 in Armour
 23485 | Lair:5   | Reached skill level 10 in Shields
 23485 | Lair:5   | Reached skill level 10 in Unarmed Combat
 23485 | Lair:5   | Reached skill level 10 in Evocations
 24038 | Orc:1    | Entered Level 1 of the Orcish Mines
 24055 | Orc:1    | Paralysed by an orc sorcerer for 4 turns
 24112 | Orc:1    | Found Upigicur's General Store.
 24118 | Orc:1    | Offered knowledge of Ozocubu's Refrigeration by Vehumet.
 24576 | Orc:2    | Entered Level 2 of the Orcish Mines
 24576 | Orc:2    | Noticed an orc warlord
 24576 | Orc:2    | Found Gethosy's Antique Armour Shop.
 25129 | Orc:2    | Found Virra's General Store.
 25249 | Orc:2    | Killed an orc warlord
 25792 | Orc:2    | Found Piorec's Jewellery Shop.
 25802 | Orc:2    | Found a staircase to the Elven Halls.
 25856 | Orc:2    | Offered knowledge of Freezing Cloud by Vehumet.
 25863 | Orc:2    | Learned a level 5 spell: Freezing Cloud
 26081 | Orc:2    | Found Roaloudgh's Antique Weapon Shop.
 26377 | D:14     | Found a runed translucent door.
 26377 | D:14     | Noticed Anay's ghost (journeyman FoFi)
 26875 | D:14     | You fall into a shaft and drop 1 floor!
 26875 | D:15     | Entered Level 15 of the Dungeon
 27826 | D:15     | Reached XP level 16. HP: 124/124 MP: 28/31
 27951 | D:15     | Found a staircase to the Depths.
 28657 | Spider:1 | Entered Level 1 of the Spider Nest
 28701 | Spider:1 | Offered knowledge of Iskenderun's Battlesphere by Vehumet.
 28884 | Spider:1 | Reached skill level 10 in Shapeshifting
 28988 | Spider:1 | Noticed Azrael
 28997 | Spider:1 | Killed Azrael
 29014 | Spider:1 | HP: 6/124 [poisoned by a redback]
 29033 | Spider:1 | HP: 4/124 [poisoned by a redback]
 29160 | Spider:1 | Learned a level 5 spell: Iskenderun's Battlesphere
 29944 | Spider:1 | Offered knowledge of Plasma Beam by Vehumet.
 30358 | Spider:1 | Identified the +7 ring mail of the Shore {rPois}
 31165 | Spider:1 | Upgraded the game from 0.31-a0-920-g28cbb04a8c to
                  | 0.31-a0-940-gdaa99269f9
 31558 | Spider:2 | Learned a level 6 spell: Plasma Beam
 31953 | Spider:2 | Noticed Frances
 31957 | Spider:2 | Killed Frances
 32087 | Spider:2 | Reached XP level 17. HP: 131/131 MP: 28/33
 32096 | Spider:2 | You fall into a shaft and drop 1 floor!
 32100 | Spider:3 | Noticed Arachne
 32134 | Spider:3 | HP: 6/131 [poisoned by Arachne (bolt of poison)]
 32134 | Spider:3 | Mangled by Arachne

Illustrated notes

Levels and vault maps discovered:
D:1:      minmay_arrival_solitary_statue, layout_basic,
          shapermc_ecumenical_altar_rom_forum
D:2:      layout_rooms, uniq_terence
D:3:      layout_basic, mainiacjoe_overflow_paths, nicolae_elyvilon_temple_path,
          uniq_natasha
D:4:      old_forge, layout_gridville, mainiacjoe_overflow_catwalk,
          fedhas_altar_fruit_tree, mainiacjoe_overflow_catwalk_spiral
D:5:      kennysheep_slugbush, layout_loops_ring, mainiacjoe_overflow_alcove_4
D:6:      layout_basic, uniq_edmund
D:7:      layout_basic, nicolae_dithmenos_through_a_glass_darkly,
          minmay_temple_entry_gardened_gates, uniq_pikel
D:8:      layout_gridville, mainiacjoe_overflow_small_starburst,
          gammafunk_ghost_abyssal_escape, uniq_joseph, uniq_psyche,
          uniq_gastronok, uniq_grum, uniq_erica
D:9:      layout_layer_cave, grunt_temple_overflow_order_and_chaos_2,
          okawaru_gym_becter, nicolae_sif_muna_condensation, serial_bayou_pond_a
D:10:     layout_basic, nicolae_ru_great_annihilating_truth,
          amethyst_overflow_temple_binary, enter_bailey_3,
          minmay_quadrilaterals, uniq_lodul, uniq_josephine, uniq_fannar,
          uniq_maggie
D:11:     layout_cave_pools, lair_entry_dummy, billiards_dpeg
D:12:     layout_roguey, orc_david_3
D:13:     layout_loops_ring, hangedman_vaults_entry_quadrant_bands, uniq_snorg
D:14:     layout_basic, gammafunk_ghost_grave, minmay_misc_feat_encased,
          minmay_misc_feat_rugged
D:15:     grunt_enter_depths_giant_problem, layout_cross,
          nicolae_twisty_statue_hallways, einodemon_armed_red_devil_minivault
Lair:1:   layout_loops_ring, grunt_megastairs_3, uniq_sonja
Lair:2:   layout_roguey, grunt_megastairs_1, infiniplex_staircase_pool
Lair:3:   beast_lair_carwin_large_3, layout_layer_cave,
          elwin_shoals_entry_rocks, spider_nest_entry_web_field,
          nzn_masters_of_martial_movement, lemuel_fruit_tree, uniq_kirke
Lair:4:   layout_regular_city, dpeg_oklob_1
Lair:5:   wormcave, layout_long_grid, guppyfry_lair_end_dragon,
          minmay_slime_entry_pillars
Spider:1: spiders_nest_a, uniq_azrael
Spider:2: layout_cave_pods, nicolae_spider_nook,
          hangedman_spider_tarantella_strand, uniq_frances
Spider:3: cheibrodos_spider_silkery, portal_ice_cave_entry_pillars_2,
          hellmonk_test_site, uniq_arachne
Orc:1:    layout_caves, serial_shops,
          nicolae_shop_temple_entry_statues_fountains, basic_altar,
          kennysheep_orc_chapel
Orc:2:    grunt_orc_gardens, layout_diamond_mine, grunt_orc_garden,
          grunt_orc_garden, grunt_orc_garden, grunt_orc_garden

Skill      XL: |  1  2  3  4  5  6  7  8  9 10 11 12 13 14 15 16 |
---------------+-------------------------------------------------+-----
Spellcasting   | 5 6 7 8 9 10 11 12 | 12.5
Invocations    | 1 2 3 4 5 6 7 8 9 10 11 12 | 12.5
Fighting       | 1 2 3 4 5 7 8 9 10 11 | 11.5
Short Blades   | 1 2 3 4 5 7 8 9 10 11 | 11.5
Long Blades    | 1 2 3 4 5 7 8 9 10 11 | 11.5
Axes           | 1 2 3 4 5 7 8 9 10 11 | 11.5
Maces & Flails | 1 2 3 4 5 7 8 9 10 11 | 11.5
Polearms       | 1 2 3 4 5 7 8 9 10 11 | 11.5
Staves         | 1 2 3 4 5 7 8 9 10 11 | 11.5
Ranged Weapons | 1 2 3 4 5 7 8 9 10 11 | 11.5
Throwing       | 1 2 3 4 5 7 8 9 10 11 | 11.5
Armour         | 1 2 3 4 5 7 8 9 10 11 | 11.5
Shields        | 1 2 3 4 5 7 8 9 10 11 | 11.5
Unarmed Combat | 1 2 3 4 5 7 8 9 10 11 | 11.5
Evocations     | 1 2 3 4 5 7 8 9 10 11 | 11.5
Shapeshifting  | 1 2 3 4 5 6 7 8 9 10 | 10.6
Conjurations   | 1 2 3 4 5 6 7 8 9 |  9.7
Hexes          | 1 2 3 4 5 6 7 8 9 |  9.7
Summonings     | 1 2 3 4 5 6 7 8 9 |  9.7
Necromancy     | 1 2 3 4 5 6 7 8 9 |  9.7
Translocations | 1 2 3 4 5 6 7 8 9 |  9.7
Transmutations | 1 2 3 4 5 6 7 8 9 |  9.7
Fire Magic     | 1 2 3 4 5 6 7 8 9 |  9.7
Air Magic      | 1 2 3 4 5 6 7 8 9 |  9.7
Earth Magic    | 1 2 3 4 5 6 7 8 9 |  9.7
Poison Magic   | 1 2 3 4 5 6 7 8 9 |  9.7
Dodging        | 5 6 7 8 9 10 11 12 | 12.3
Stealth        | 5 6 7 8 9 10 11 12 | 12.2
Ice Magic      | 8 9 10 11 12 | 12.0

Action                     |  1- 3 |  4- 6 |  7- 9 | 10-12 | 13-15 | 16-18 || total
---------------------------+-------+-------+-------+-------+-------+-------++-------
  Melee: Unarmed           |     9 |     2 |       |       |       |       ||    11
         Bite              |     1 |     2 |     9 |    36 |    54 |    12 ||   114
         Long sword        |       |    14 |    14 |       |       |       ||    28
         Punch             |       |     1 |     3 |       |       |     2 ||     6
         Short sword       |       |       |    32 |     4 |       |       ||    36
         Eveningstar       |       |       |    10 |       |       |       ||    10
         Battleaxe         |       |       |     5 |   220 |   370 |    32 ||   627
         Falchion          |       |       |       |       |     2 |    29 ||    31
   Cast: Freeze            |    47 |    46 |    69 |    18 |    14 |    27 ||   221
         Frozen Ramparts   |       |    11 |    34 |    41 |    77 |    36 ||   199
         Ozocubu's Armour  |       |     7 |    23 |    34 |    58 |    31 ||   153
         Summon Ice Beast  |       |       |     1 |    16 |    29 |    14 ||    60
         Stone Arrow       |       |       |       |     2 |   257 |   185 ||   444
         Hailstorm         |       |       |       |    16 |    90 |    11 ||   117
         Freezing Cloud    |       |       |       |       |       |    35 ||    35
         Iskenderun's Batt |       |       |       |       |       |     9 ||     9
         Plasma Beam       |       |       |       |       |       |     1 ||     1
  Evoke: Wand              |       |       |       |       |       |     9 ||     9
    Use: Scroll            |       |       |       |       |    20 |     4 ||    24
         Potion            |       |       |       |       |     1 |     6 ||     7
   Stab: Sleeping          |       |       |     6 |     8 |    14 |       ||    28
         Distracted        |       |       |     1 |     3 |     6 |     2 ||    12
 Armour: Robe              |    26 |    24 |    72 |   161 |   274 |    20 ||   577
         Swamp dragon scal |       |       |       |       |   164 |    92 ||   256
         Ring mail         |       |       |       |       |       |   172 ||   172
  Dodge: Dodged            |    20 |    29 |    62 |   177 |   433 |   128 ||   849

Table legend: (Time is in decaauts)
 A = Elapsed time spent in this place.
 B = Non-inter-level travel time spent in this place.
 C = Inter-level travel time spent in this place.
 D = Time resting spent in this place.
 E = Time spent auto-exploring this place.
 F = Levels seen in this place.
 G = Mean time per level.
                   A        B        C        D        E       F      G
               +--------+--------+--------+--------+--------+-----+--------+
         Total |  32405 |  31298 |   1107 |   4332 |  21629 |  25 | 1296.2 |
       Dungeon |  17841 |  17079 |    762 |    664 |  13569 |  15 | 1189.4 |
          Lair |   8944 |   8735 |    209 |   2998 |   4549 |   5 | 1788.8 |
   Spider Nest |   3498 |   3439 |     59 |    348 |   2215 |   3 | 1166.0 |
  Orcish Mines |   2121 |   2045 |     76 |    322 |   1296 |   2 | 1060.5 |
               +--------+--------+--------+--------+--------+-----+--------+

Top non-repeatable levels by time:
  Lair:5: 4098 daAuts
Spider:1: 2285 daAuts
    D:13: 1972 daAuts
     D:4: 1734 daAuts
  Lair:3: 1509 daAuts
     D:3: 1442 daAuts
     D:9: 1431 daAuts
    D:10: 1415 daAuts
     D:5: 1311 daAuts
     D:8: 1308 daAuts
  Lair:4: 1242 daAuts
    D:15: 1209 daAuts
   Orc:2: 1189 daAuts
Spider:2: 1174 daAuts
    D:12: 1130 daAuts
